 Dungeon Crawl Stone Soup version 0.29-a0-982-gaed3a0c8d8 (webtiles) character file.

Game seed: 15447767800964622143

52 wilfster70 the Digger (level 3, -6/19 HPs)
             Began as a Gargoyle Earth Elementalist on Aug 1, 2022.
             Mangled by an orc
             ... wielding a +0 war axe
              (8 damage)
             ... on level 3 of the Dungeon.
             The game lasted 00:04:08 (1471 turns).

wilfster70 the Digger (Gargoyle Earth Elementalist) Turns: 1471, Time: 00:04:08

Health: -6/19      AC:  5    Str: 11    XL:     3   Next: 85%
Magic:  0/7        EV: 11    Int: 17    God:
Gold:   85         SH:  0    Dex: 10    Spells: 7/8 levels left

rFire   . . .      SeeInvis .   (no weapon)
rCold   . . .      Faith    .   (no shield)
rNeg    + . .      Spirit   .   a - +0 robe
rPois   ∞          Reflect  .   (no helmet)
rElec   +          Harm     .   (no cloak)
rCorr   .          Rampage  .   (no gloves)
Will    +....                   (no boots)
Stlth   ++........              (no amulet)
HPRegen 0.06/turn               k - ring of willpower
MPRegen 0.10/turn               (no ring)

@: very slightly contaminated
A: sickness immunity, AC +3, negative energy resistance 1, electricity
resistance, torment resistance 1, petrification resistance
a: no special abilities


You were on level 3 of the Dungeon.
You visited 1 branch of the dungeon, and saw 3 of its levels.

You collected 85 gold pieces.

Inventory:

Armour
 a - a +0 robe (worn)
Jewellery
 k - a ring of willpower (left hand)
Scrolls
 c - 2 scrolls of teleportation
 j - a scroll of summoning
Potions
 b - 2 potions of magic
 d - a potion of curing {unknown}
 e - 2 potions of haste {unknown}
 f - a potion of flight {unknown}
 g - a potion of cancellation {unknown}
 h - 3 potions of lignification {unknown}
 i - a potion of heal wounds {unknown}


   Skills:
 - Level 1.5 Dodging
 - Level 2.1 Stealth
 + Level 3.0 Spellcasting
 - Level 0.7 Transmutations
 + Level 4.7 Earth Magic


You had 7 spell levels left.
You knew the following spells:

 Your Spells              Type           Power      Damage    Failure   Level
a - Sandblast             Erth           36%        2d10      2%          1

Your spell library contained the following spells:

 Spells                   Type           Power      Damage    Failure   Level
 Passwall                 Tmut/Erth      9%         N/A       9%          2
 Stone Arrow              Conj/Erth      20%        3d8       21%         3
 Blink                    Tloc           4%         N/A       26%         2
 Static Discharge         Conj/Air       2%         3-4/arc   26%         2
 Lesser Beckoning         Tloc           2%         N/A       45%         3
 Petrify                  Tmut/Erth      11%        N/A       50%         4
 Dispel Undead            Necr           2%         3d7       86%         4
 Sticky Flame             Conj/Fire      2%         2d3       86%         4
 Manifold Assault         Tloc           2%         N/A       99%         5


Dungeon Overview and Level Annotations

Branches:
Dungeon (3/15)

Altars:


Innate Abilities, Weirdness & Mutations

You are immune to sickness and miasma.
Your stone body is resilient. (AC +3)
You are immune to poison.
You resist negative energy. (rN+)
You are resistant to electric shocks. (rElec)
You are resistant to unholy torment.
You are immune to petrification.


Message History

Press: ? - help, Shift-Dir - straight line, f/p - orc
Aim: an orc, wielding a +0 war axe and wearing a +0 chain mail (heavily wounded, 87% to hit)
The blast of sand hits the orc but does no damage.
The orc is heavily wounded.
The orc barely misses you. The orc closely misses you.
Casting: Sandblast (safe; 2% risk of failure)
Confirm with . or Enter, or press ? or * to list all spells.
Aiming: Sandblast (safe; 2% risk of failure)
Press: ? - help, Shift-Dir - straight line, f/p - orc
Aim: an orc, wielding a +0 war axe and wearing a +0 chain mail (heavily wounded, 87% to hit)
The blast of sand hits the orc but does no damage.
The orc is heavily wounded.
The orc closely misses you. The orc misses you.
The orc attacks as you move away! The orc hits you with a +0 war axe.
Casting: Sandblast (safe; 2% risk of failure)
Confirm with . or Enter, or press ? or * to list all spells.
Aiming: Sandblast (safe; 2% risk of failure)
Press: ? - help, Shift-Dir - straight line, f/p - orc
Aim: an orc, wielding a +0 war axe and wearing a +0 chain mail (heavily wounded, 87% to hit)
You miscast Sandblast.
You are very lightly contaminated with residual magic.
Nothing appears to happen.
The orc closely misses you.
Casting: Sandblast (safe; 2% risk of failure)
Confirm with . or Enter, or press ? or * to list all spells.
Aiming: Sandblast (safe; 2% risk of failure)
Press: ? - help, Shift-Dir - straight line, f/p - orc
Aim: an orc, wielding a +0 war axe and wearing a +0 chain mail (heavily wounded, 87% to hit)
You miscast Sandblast.
Nothing appears to happen.
The orc closely misses you.
You hear the slow rusting of a very distant drain.
Casting: Sandblast (safe; 2% risk of failure)
Confirm with . or Enter, or press ? or * to list all spells.
Aiming: Sandblast (safe; 2% risk of failure)
Press: ? - help, Shift-Dir - straight line, f/p - orc
Aim: an orc, wielding a +0 war axe and wearing a +0 chain mail (heavily wounded, 87% to hit)
The blast of sand hits the orc but does no damage.
The orc is heavily wounded.
The orc hits you with a +0 war axe!
* * * LOW HITPOINT WARNING * * *
The orc hits you with a +0 war axe!
You die...

### $. #.
###.##############
#.........o@.....#
.....#.############.####
... #. #.......# . ..
#.##.##.# ### # #.# #
#.# # #.# # #.##.##.#
#.......#


You could see an orc.

Vanquished Creatures
  An adder (D:2)
  A worm (D:2)
  A dart slug (D:2)
  5 bats
  9 endoplasms
  2 giant cockroaches (D:1)
  A goblin (D:1)
  2 hobgoblins (D:1)
  A quokka (D:1)
  3 ball pythons
  A frilled lizard (D:2)
  3 kobolds
  6 rats
36 creatures vanquished.

Notes
Turn   | Place    | Note
-------+----------+-------------------------------------------
     0 | D:1      | wilfster70 the Gargoyle Earth Elementalist began the quest
                  | for the Orb.
     0 | D:1      | Reached XP level 1. HP: 10/10 MP: 3/3
    68 | D:1      | Found a faded altar of an unknown god.
   148 | D:1      | Reached XP level 2. HP: 15/15 MP: 0/5
   206 | D:1      | Reached skill level 4 in Earth Magic
   766 | D:2      | Reached XP level 3. HP: 19/19 MP: 4/6
  1098 | D:2      | Identified a scroll of acquirement
  1098 | D:2      | Acquired a book of Spatial Translocations
  1471 | D:3      | Mangled by an orc

Illustrated notes

Levels and vault maps discovered:
D:1:      dpeg_arrival_leaves_temple_mockup, layout_rooms,
          hellmonk_ecumenical_altar_crossroads
D:2:      layout_basic, minmay_tetromino_s2
D:3:      layout_loops_cross, portal_sewer_entry_e

Skill      XL: |  1  2  3 |
---------------+----------+-----
Earth Magic    | 4 |  4.7
Spellcasting   | 3 |  3.0
Dodging        | |  1.5
Stealth        | |  2.1
Transmutations | |  0.7

Action                   || total
-------------------------++-------
Melee: Unarmed           ||     8
 Cast: Sandblast         ||    52
  Use: Scroll            ||     4
Armor: Robe              ||     9
Dodge: Dodged            ||    29

Table legend: (Time is in decaauts)
 A = Elapsed time spent in this place.
 B = Non-inter-level travel time spent in this place.
 C = Inter-level travel time spent in this place.
 D = Time resting spent in this place.
 E = Time spent auto-exploring this place.
 F = Levels seen in this place.
 G = Mean time per level.
                   A        B        C        D        E       F      G
               +--------+--------+--------+--------+--------+-----+--------+
         Total |   1523 |   1473 |     50 |    174 |    623 |   3 |  507.7 |
       Dungeon |   1523 |   1473 |     50 |    174 |    623 |   3 |  507.7 |
               +--------+--------+--------+--------+--------+-----+--------+

Top non-repeatable levels by time:
     D:1: 826 daAuts
     D:2: 645 daAuts
     D:3: 50 daAuts
